 Dungeon Crawl Stone Soup version 0.21.0-37-g46506fa (webtiles) character file.

195 tidbits the Digger (level 5, 37/37 HPs)
             Began as a Gnoll Earth Elementalist on Feb 1, 2018.
             Quit the game on level 4 of the Dungeon.
             The game lasted 00:06:49 (701 turns).

tidbits the Digger (Gnoll Earth Elementalist)        Turns: 701, Time: 00:06:50

Health: 37/37      AC:  3    Str:  9 (10) XL:     5   Next: 74%
Magic:  12/12      EV: 14    Int: 17 (18) God:
Gold:   33         SH:  0    Dex: 14 (16) Spells: 11/14 levels left

rFire    . . .     SeeInvis .   a - +2 dagger (venom)
rCold    . . .     Gourm    .   (no shield)
rNeg     . . .     Faith    .   B - +0 robe
rPois    .         Spirit   .   (no helmet)
rElec    .         Reflect  .   C - +0 cloak
rCorr    .         Harm     .   (no gloves)
MR       .....                  (no boots)
Stlth    +++.......             (no amulet)
HPRegen  0.12/turn              (no ring)
MPRegen  0.13/turn              (no ring)

@: no status effects
A: distributed training, fangs 1, strong nose
a: no special abilities


You were on level 4 of the Dungeon.
You were not hungry.

You visited 1 branch of the dungeon, and saw 4 of its levels.

You collected 33 gold pieces.

Inventory:

Hand Weapons
 a - a +2 dagger of venom (weapon)
   (You took it off a goblin on level 2 of the Dungeon)
 c - a +0 dagger
 k - a +2 quarterstaff of chaos
   (You took it off Crazy Yiuf on level 2 of the Dungeon)
Missiles
 b - 34 stones (quivered)
 j - 5 tomahawks
Armour
 B - a +0 robe (worn)
 C - a +0 cloak (worn)
Scrolls
 h - a scroll of enchant armour {unknown}
 i - a scroll of magic mapping {unknown}
 l - a scroll of identify {unknown}
 m - a scroll of teleportation {unknown}
 r - 2 scrolls of remove curse
Potions
 g - a potion of brilliance {unknown}
Books
 e - a book of Geomancy

   Spells                             Type                      Level
   a - Sandblast                      Earth                        1
   b - Passwall                       Transmutation/Earth          2
   c - Stone Arrow                    Conjuration/Earth            3
   d - Petrify                        Transmutation/Earth          4
   e - Lee's Rapid Deconstruction     Earth                        5
Comestibles
 d - a ration


   Skills:
 + Level 1.6 Fighting
 + Level 1.6 Short Blades
 + Level 1.6 Long Blades
 + Level 1.6 Axes
 + Level 1.6 Maces & Flails
 + Level 1.6 Polearms
 + Level 1.6 Staves
 + Level 1.6 Slings
 + Level 1.6 Bows
 + Level 1.6 Crossbows
 + Level 1.6 Throwing
 + Level 1.6 Armour
 + Level 4.8 Dodging
 + Level 4.4 Stealth
 + Level 1.6 Shields
 + Level 1.6 Unarmed Combat
 + Level 5.2 Spellcasting
 + Level 1.2 Conjurations
 + Level 1.2 Hexes
 + Level 1.2 Charms
 + Level 1.2 Summonings
 + Level 1.2 Necromancy
 + Level 1.2 Translocations
 + Level 2.4 Transmutations
 + Level 1.2 Fire Magic
 + Level 1.2 Ice Magic
 + Level 1.2 Air Magic
 + Level 5.5 Earth Magic
 + Level 1.2 Poison Magic
 + Level 1.8 Invocations
 + Level 1.6 Evocations


You had 11 spell levels left.
You knew the following spells:

 Your Spells              Type           Power        Failure   Level  Hunger
a - Sandblast             Erth           ###...       1%          1    None
p - Passwall              Tmut/Erth      ###.......   4%          2    #......


Dungeon Overview and Level Annotations

Branches:
Dungeon (4/15)
 Temple: D:4-7

Altars:

Annotations:
D:4 Britaniac's ghost, amateur DEFE


Innate Abilities, Weirdness & Mutations

Your experience applies equally to all skills.
You have very sharp teeth.
Your uncanny sense of smell can sniff out nearby items.


Message History

Found 17 gold pieces.
There is a stone staircase leading down here.
You hear the rusting of a very distant drain.
You see here 17 gold pieces.
You now have 33 gold pieces (gained 17).
You open the door.
A frilled lizard comes into view.
Found a chain mail.
Found a stone staircase leading down.
The frilled lizard hisses angrily.
There is an open door here. 2 goblins come into view.
The goblin shouts!
You hear a shout! x4
Casting: Sandblast
Confirm with . or Enter, or press ? or * to list all spells.
Aiming: Sandblast
Press: ? - help, Shift-Dir - straight line, f - frilled lizard
Aim: a frilled lizard The blast of sand hits the frilled lizard.
You kill the frilled lizard!
b - 19 stones The goblin shouts!
There is a stone staircase leading down here.
You climb downwards.
Level annotation: Britaniac's ghost, amateur DEFE
There is a stone staircase leading up here.
Unknown command.
You open the door.
There is an open door here.
Found a leather armour.
Casting: Sandblast
Confirm with . or Enter, or press ? or * to list all spells.
Which direction?
You begin to meditate on the wall.
You continue meditating on the rock. x2
You finish merging with the rock.
Found a scroll labeled NEOX OLILE WEE.
i - a scroll labeled NEOX OLILE WEE
As you read the scroll labeled ZEIRHU WESE, it crumbles to dust.
You hear a very strange noise indeed.
It was a scroll of random uselessness.
You open the door.
Casting: Passwall
Confirm with . or Enter, or press ? or * to list all spells.
Which direction?
You begin to meditate on the wall.
You continue meditating on the rock. x2
You finish merging with the rock.
Found 16 stones.
You see here 16 stones.
b - 35 stones (gained 16)
Casting: Passwall
Confirm with . or Enter, or press ? or * to list all spells.
Which direction?
You begin to meditate on the wall.
You continue meditating on the rock. x2
You finish merging with the rock.
You open the door.
Unknown command.
There is an open door here.
You close the door.
You open the door.
There is an open door here.
You open the door.
There is an open door here.
You open the door.
Found a scroll labeled IWUKOL REESS.
There is an open door here.
You see here a scroll labeled IWUKOL REESS.
As you read the scroll labeled IWUKOL REESS, it crumbles to dust.
It is a scroll of enchant weapon.
Your +1 dagger of venom glows red for a moment.
You open the door.
There is an open door here.
As you open the door, it creaks loudly!
There is an open door here.
You open the door.
An adder comes into view.
There is an open door here.
The adder hisses angrily.
Casting: Passwall
Confirm with . or Enter, or press ? or * to list all spells.
Aiming: Sandblast
Press: ? - help, Shift-Dir - straight line, f - adder
Aim: an adder The blast of sand hits the adder.
The adder is severely wounded.
b - 34 stones The adder closely misses you.
You hit the adder.
The adder is poisoned.
The adder is almost dead.
The adder completely misses you.
You hit the adder but do no damage.
The adder looks even sicker.
The adder is almost dead.
You kill the adder!
You feel your strength returning.
You see here an adder corpse.
Unknown command.
As you open the door, it creaks loudly!
Found a scroll of remove curse.
There is an open door here.
You see here a scroll of remove curse.
r - 2 scrolls of remove curse (gained 1) Are you sure you want to abandon this character and quit the game? (Confirm with "yes".)

##.
#.......#######
.# #######..#
.# ##.....##'##
.# ...........#
...
...........#
...
...........#
#..
..#####....# ..
#....# #.@..#
#....# #....#
######


There were no monsters in sight!

Vanquished Creatures
  Crazy Yiuf (D:2)
  An orc priest (D:3)
  2 orc wizards (D:3)
  Ijyb (D:3)
  A hound skeleton (D:4)
  An adder (D:4)
  2 orcs (D:3)
  3 bats
  A giant cockroach (D:2)
  4 goblins
  5 hobgoblins
  3 jackals (D:2)
  A quokka (D:2)
  4 frilled lizards
  3 kobolds
  2 rats (D:3)
35 creatures vanquished.

Notes
Turn   | Place    | Note
-------+----------+-------------------------------------------
     0 | D:1      | tidbits the Gnoll Earth Elementalist began the quest for the Orb.
     0 | D:1      | Reached XP level 1. HP: 13/13 MP: 6/6
    74 | D:1      | Reached skill level 2 in Transmutations
    87 | D:1      | Reached XP level 2. HP: 19/19 MP: 3/7
    98 | D:1      | Learned a level 2 spell: Passwall
   160 | D:2      | Found a runed door.
   164 | D:2      | Noticed Crazy Yiuf
   169 | D:2      | Killed Crazy Yiuf
   169 | D:2      | Reached skill level 5 in Spellcasting
   169 | D:2      | Reached skill level 1 in Invocations
   169 | D:2      | Reached XP level 3. HP: 25/25 MP: 6/9
   320 | D:3      | Reached skill level 1 in Fighting
   320 | D:3      | Reached skill level 1 in Short Blades
   320 | D:3      | Reached skill level 1 in Long Blades
   320 | D:3      | Reached skill level 1 in Axes
   320 | D:3      | Reached skill level 1 in Maces & Flails
   320 | D:3      | Reached skill level 1 in Polearms
   320 | D:3      | Reached skill level 1 in Staves
   320 | D:3      | Reached skill level 1 in Slings
   320 | D:3      | Reached skill level 1 in Bows
   320 | D:3      | Reached skill level 1 in Crossbows
   320 | D:3      | Reached skill level 1 in Throwing
   320 | D:3      | Reached skill level 1 in Armour
   320 | D:3      | Reached skill level 1 in Shields
   320 | D:3      | Reached skill level 1 in Unarmed Combat
   320 | D:3      | Reached skill level 1 in Evocations
   476 | D:3      | Reached XP level 4. HP: 32/32 MP: 11/11
   479 | D:3      | Reached skill level 1 in Conjurations
   479 | D:3      | Reached skill level 1 in Hexes
   479 | D:3      | Reached skill level 1 in Charms
   479 | D:3      | Reached skill level 1 in Summonings
   479 | D:3      | Reached skill level 1 in Necromancy
   479 | D:3      | Reached skill level 1 in Translocations
   479 | D:3      | Reached skill level 1 in Fire Magic
   479 | D:3      | Reached skill level 1 in Ice Magic
   479 | D:3      | Reached skill level 1 in Air Magic
   479 | D:3      | Reached skill level 1 in Poison Magic
   481 | D:3      | Reached XP level 5. HP: 37/37 MP: 6/12
   484 | D:3      | Noticed Ijyb
   498 | D:3      | Killed Ijyb
   561 | D:4      | Noticed Britaniac's ghost (amateur DEFE)
   701 | D:4      | Quit the game

Skill      XL: |  1  2  3  4 |
---------------+-------------+-----
Transmutations | 2 |  2.4
Spellcasting   | 5 |  5.2
Invocations    | 1 |  1.8
Fighting       | 1 |  1.6
Short Blades   | 1 |  1.6
Long Blades    | 1 |  1.6
Axes           | 1 |  1.6
Maces & Flails | 1 |  1.6
Polearms       | 1 |  1.6
Staves         | 1 |  1.6
Slings         | 1 |  1.6
Bows           | 1 |  1.6
Crossbows      | 1 |  1.6
Throwing       | 1 |  1.6
Armour         | 1 |  1.6
Shields        | 1 |  1.6
Unarmed Combat | 1 |  1.6
Evocations     | 1 |  1.6
Conjurations   | 1 |  1.2
Hexes          | 1 |  1.2
Charms         | 1 |  1.2
Summonings     | 1 |  1.2
Necromancy     | 1 |  1.2
Translocations | 1 |  1.2
Fire Magic     | 1 |  1.2
Ice Magic      | 1 |  1.2
Air Magic      | 1 |  1.2
Poison Magic   | 1 |  1.2
Dodging        | |  4.8
Stealth        | |  4.4
Earth Magic    | |  5.5

Action                   |  1- 3 |  4- 6 || total
-------------------------+-------+-------++-------
Melee: Dagger            |    14 |     4 ||    18
       Bite              |     1 |       ||     1
 Cast: Sandblast         |    17 |    14 ||    31
       Passwall          |     5 |     3 ||     8
  Use: Scroll            |     1 |     2 ||     3
       Potion            |       |     2 ||     2
 Stab: Sleeping          |     8 |     2 ||    10
Armor: Robe              |     1 |     1 ||     2
Dodge: Dodged            |    11 |     4 ||    15

Table legend:
 A = Turns spent in this place as a percentage of turns spent in the entire game.
 B = Non-inter-level travel turns spent in this place as a percentage of non-inter-level travel turns spent in the entire game.
 C = Inter-level travel turns spent in this place as a percentage of turns spent in this place.
 D = Turns resting spent in this place as a percentage of non-inter-level travel turns spent in this place.
 E = Turns spent auto-exploring this place as a percentage of non-inter-level travel turns spent in this place.
 F = Non-inter-level travel turns spent in this place divided by the number of levels of this place that you've seen.
                   A       B       C       D       E      F
               +-------+-------+-------+-------+-------+----------------------
         Total | 100.0 | 100.0 |   0.0 |   0.0 |   0.0 | 175.2
       Dungeon | 100.0 | 100.0 |   0.0 |   0.0 |   0.0 | 175.2
               +-------+-------+-------+-------+-------+----------------------

Table legend:
 A = Kills in this place as a percentage of kills in entire the game.
 B = Kills by you in this place as a percentage of kills by you in the entire game.
 C = Kills by friends in this place as a percentage of kills by friends in the entire game.
 D = Other kills in this place as a percentage of other kills in the entire game.
 E = Experience gained in this place as a percentage of experience gained in the entire game.
 F = Experience gained in this place divided by the number of levels of this place that you have seen.
                   A       B       C       D       E      F
               +-------+-------+-------+-------+-------+----------------------
         Total | 100.0 | 100.0 |   N/A |   N/A | 100.0 |  69.8
       Dungeon | 100.0 | 100.0 |   N/A |   N/A | 100.0 |  69.8
               +-------+-------+-------+-------+-------+----------------------

Vault maps used:
D:1:      sevenhm_arrival_forest_fort_large_2, minivault_24
D:2:      wad_pebble_path, minitemple, uniq_crazy_yiuf_cottage
D:3:      gup_sewer_entry_spiral, first_ration, uniq_ijyb, uniq_terence,
          uniq_robin
